 Dungeon Crawl Stone Soup version 0.31-a0-981-geadf994542 (webtiles) character file.

Game seed: 3971560914115733107

534 lunkers the Insei (level 6, -4/69 HPs)
             Began as a Demigod Shapeshifter on Nov 1, 2023.
             Killed by nerve-wracking pain
             ... invoked by Grinder
              (14 damage)
             ... on level 4 of the Dungeon.
             The game lasted 00:04:18 (3600 turns).

lunkers the Insei (Demigod Shapeshifter)            Turns: 3600, Time: 00:04:19

Health: -4/69      AC:  4    Str: 18    XL:     6   Next: 74%
Magic:  17/17      EV: 12    Int: 12    God:
Gold:   186        SH:  0    Dex: 21    Spells: 5/5 levels left

rFire   + .          .
                       - Unarmed
rCold   + . .        o - orb "Rysu" {*Rage, rPois Str+3}
rNeg    . . .        j - +2 robe {rC+ rF+}
rPois   +            (helmet currently unavailable)
rElec   .            (cloak currently unavailable)
rCorr   .            (gloves currently unavailable)
SInv    +            (boots currently unavailable)
Will    .....        (no amulet) Stlth
                     s - ring of see invisible
HPRegen 0.31/turn    v - ring of magical power
MPRegen 0.15/turn

%: random rage (20%)
@: berserking, beast-form, very quick
A: beast (slay +2), high MP 1, forlorn, divine attributes
a: Begin Untransformation


You were on level 4 of the Dungeon.
You were a hulking beast.
You visited 1 branch of the dungeon, and saw 4 of its levels.

You collected 186 gold pieces.

Inventory:

Armour
 a - a +0 animal skin
 e - a +1 pair of boots
 j - a +2 robe of resistance (worn)
 k - a +0 cloak
 n - a +0 helmet
 o - the orb "Rysu" (worn) {*Rage, rPois Str+3}
   (You found it on level 2 of the Dungeon)

   Str+3:     It affects your strength (+3).
   rPois:     It protects you from poison
 u - a scarf of invisibility
Jewellery
 r - a ring of protection from fire
 s - a ring of see invisible (left hand)
 v - a ring of magical power (right hand)
 w - a ring of willpower
Talismans
 c - a beast talisman
 d - a flux talisman
Wands
 h - a wand of light (11)
Scrolls
 g - 2 scrolls of teleportation
 i - 2 scrolls of identify {unknown}
 p - 2 scrolls of enchant weapon {unknown}
Potions
 f - a potion of degeneration {unknown}
 l - a potion of brilliance {unknown}
 m - 3 potions of might {unknown}
 q - 2 potions of invisibility {unknown}
 t - a potion of attraction {unknown}


   Skills:
 - Level 0.8 Fighting
 - Level 1.7 Dodging
 * Level 6.2 Unarmed Combat
 + Level 4.4 Shapeshifting


You had 5 spell levels left.
You didn't know any spells.
Your spell library contained the following spells:

 Spells                   Type           Power      Damage    Failure   Level
 Stone Arrow              Conj/Erth      0%         3d7       69%         3
 Animate Armour           Summ/Erth      0%         N/A       97%         4
 Cause Fear               Hex            0%         N/A       97%         4
 Fireball                 Conj/Fire      0%         3d3       100%        5
 Lehudib's Crystal Spear  Conj/Erth      0%         10d2      100%        8
 Dragon's Call            Summ           0%         N/A       100%        9


Dungeon Overview and Level Annotations

Branches:
Dungeon (4/15)             Temple (0/1) D:4

Annotations:
D:4 Grinder


Innate Abilities, Weirdness & Mutations

You are a hulking beast.
Your limbs bulge with bestial killing power. (Slay +2)
You have an increased reservoir of magic. (+10% MP)
You shall have no god before yourself.
Your divine heritage dramatically boosts your attributes as you level up.


Message History

You resist.
Aiming: Bolt of Light
Press: ? - help, Shift-Dir - straight line, f/p - Grinder
Aim: Grinder, carrying a wand of flame (lightly wounded, blind, 68% to hit)
The bolt of light hits Grinder!
Grinder is moderately wounded.
The bolt of light hits the hound.
The hound is heavily wounded.
Grinder gestures at you. You resist with some effort.
There is a stone staircase leading down here.
Grinder zaps a wand.
The puff of flame hits you. You resist.
You hit Grinder.
Grinder is heavily wounded.
Grinder closely misses you.
You hit Grinder.
Grinder is heavily wounded.
Grinder gestures at you. Pain shoots through your body!
You punch Grinder!
Grinder is severely wounded.
Grinder hits you!
* * * LOW HITPOINT WARNING * * *
You writhe in agony.
* * * LOW HITPOINT WARNING * * *
Aiming: Bolt of Light
Press: ? - help, Shift-Dir - straight line, f/p - Grinder
Aim: Grinder, carrying a wand of flame (severely wounded, blind, 68% to hit)
The bolt of light misses Grinder.
The bolt of light misses the hound.
Grinder hits you.
* * * LOW HITPOINT WARNING * * *
You writhe in agony.
* * * LOW HITPOINT WARNING * * *
A red film seems to cover your vision as you go berserk!
You feel yourself moving faster!
You feel mighty!
You closely miss Grinder.
Grinder is severely wounded.
Grinder gestures at you. Pain shoots through your body!
You die...
Grinder says, "Now the real fun starts!"

........................
..............<..........
.........................
........................>
.........................
.........................
.......................
####..#####.#######.....
#....h5h>...# ######
#.########### #


You could see Grinder (blind) and a hound.

Vanquished Creatures
  Duvessa (D:4)
  A black bear (D:4)
  Dowan (D:4)
  2 hounds (D:4)
  Ijyb (D:4)
  Natasha (twice) (D:2)
  An orc wizard (D:3)
  4 adders
  2 worms (D:2)
  4 dart slugs
  9 orcs (D:3)
  5 endoplasms
  A giant cockroach (D:1)
  9 goblins
  6 hobgoblins
  6 quokkas
  4 ball pythons
  5 bats
  4 frilled lizards
  7 kobolds
  7 rats
82 creatures vanquished.

Notes
Turn   | Place    | Note
-------+----------+-------------------------------------------
     0 | D:1      | lunkers the Demigod Shapeshifter began the quest for the
                  | Orb.
     0 | D:1      | Reached XP level 1. HP: 15/15 MP: 3/3
   112 | D:1      | Reached skill level 3 in Unarmed Combat
   272 | D:1      | Reached XP level 2. HP: 22/22 MP: 4/4
  1039 | D:2      | Reached XP level 3. HP: 27/27 MP: 5/5
  1210 | D:2      | Identified the orb "Rysu" {*Rage, rPois Str+3}
  1495 | D:2      | Noticed Natasha
  1499 | D:2      | Killed Natasha
  1500 | D:2      | Reached skill level 4 in Unarmed Combat
  1774 | D:2      | Noticed Natasha
  1778 | D:2      | Reached XP level 4. HP: 34/34 MP: 6/6
  1785 | D:2      | Killed Natasha
  2609 | D:3      | Reached XP level 5. HP: 37/39 MP: 7/7
  2992 | D:4      | Found a staircase to the Ecumenical Temple.
  3035 | D:4      | Noticed a black bear
  3046 | D:4      | Killed a black bear
  3047 | D:4      | Reached skill level 5 in Unarmed Combat
  3314 | D:4      | Noticed Ijyb
  3319 | D:4      | Reached XP level 6. HP: 46/46 MP: 8/8
  3325 | D:4      | Killed Ijyb
  3328 | D:4      | Noticed Duvessa
  3332 | D:4      | Noticed Dowan
  3342 | D:4      | Killed Duvessa
  3350 | D:4      | Killed Dowan
  3351 | D:4      | Reached skill level 6 in Unarmed Combat
  3578 | D:4      | Noticed Grinder
  3600 | D:4      | Killed from afar by Grinder

Illustrated notes

Levels and vault maps discovered:
D:1:      noname_arrival_rooms_in_the_neighbourhood, layout_basic,
          shapermc_ecumenical_altar_starsandcircs
D:2:      layout_basic, uniq_natasha
D:3:      layout_loops_ring, kennysheep_generic_room_10
D:4:      layout_basic, minmay_temple_entry_waves,
          minmay_misc_feat_four_crosses, hangedman_decor_push, uniq_duvessa,
          uniq_grinder, uniq_ijyb

Skill      XL: |  1  2  3  4  5  6 |
---------------+-------------------+-----
Unarmed Combat | 3 4 5 6 |  6.2
Shapeshifting  | 3 4 |  4.4
Fighting       | |  0.8
Dodging        | |  1.7

Action                     |  1- 3 |  4- 6 || total
---------------------------+-------+-------++-------
  Melee: Unarmed           |   119 |   118 ||   237
         Punch             |     4 |       ||     4
  Evoke: Wand              |       |     5 ||     5
    Use: Scroll            |     8 |       ||     8
         Potion            |       |     1 ||     1
   Stab: Sleeping          |     2 |     3 ||     5
 Armour: Animal skin       |    26 |       ||    26
         Robe              |    30 |    56 ||    86
         Skin              |       |    12 ||    12
  Dodge: Dodged            |    49 |    63 ||   112

Table legend: (Time is in decaauts)
 A = Elapsed time spent in this place.
 B = Non-inter-level travel time spent in this place.
 C = Inter-level travel time spent in this place.
 D = Time resting spent in this place.
 E = Time spent auto-exploring this place.
 F = Levels seen in this place.
 G = Mean time per level.
                   A        B        C        D        E       F      G
               +--------+--------+--------+--------+--------+-----+--------+
         Total |   3714 |   3592 |    122 |    254 |   2710 |   4 |  928.5 |
       Dungeon |   3714 |   3592 |    122 |    254 |   2710 |   4 |  928.5 |
               +--------+--------+--------+--------+--------+-----+--------+

Top non-repeatable levels by time:
     D:2: 1169 daAuts
     D:1: 980 daAuts
     D:3: 916 daAuts
     D:4: 649 daAuts
